 Dungeon Crawl Stone Soup version 0.32-a0-485-g70f7560b1c (webtiles) character file.

Game seed: 12116982880281300710

184 Smoke131 the Trooper (level 5, -2/55 HPs)
             Began as an Oni Gladiator on Feb 27, 2024.
             Slain by a mummy (3 damage)
             ... in an ossuary.
             The game lasted 00:09:55 (2752 turns).

Smoke131 the Trooper (Oni Gladiator)                Turns: 2752, Time: 00:09:56

Health: -2/55      AC:  5    Str: 20    XL:     5   Next: 63%
Magic:  5/5        EV: 10    Int:  9    God:
Gold:   103        SH:  0    Dex: 10    Spells: 4/4 levels left

rFire   . . .        a - +0 flail
rCold   . . .        (no shield)
rNeg    . . .        b - +0 robe
rPois   .            c - +1 hat
rElec   .            y - +0 cloak
rCorr   +            (gloves unavailable)
SInv    .            (boots unavailable)
Will    .....        (no amulet)
Stlth   +            u - ring of resist corrosion
HPRegen 0.29/turn    (no ring)
MPRegen 0.09/turn

%: no passive effects
@: no status effects
A: large, unfitting armour, horns 1, tough skin 1, double potion healing,
drunken brawling
a: no special abilities


You were in an ossuary.
You visited 1 branch of the dungeon, and saw 4 of its levels.
You also visited: Ossuary.

You collected 103 gold pieces.

Inventory:

Hand Weapons
 a - a +0 flail (weapon)
Missiles
 d - 2 throwing nets
 e - a large rock
 j - 3 boomerangs (quivered)
Armour
 b - a +0 robe (worn)
 c - a +1 hat (worn)
 y - a +0 cloak (worn)
Jewellery
 u - a ring of resist corrosion (left hand)
Scrolls
 i - a scroll of identify
 m - 3 scrolls of noise
 w - a scroll of fog {unknown}
Potions
 h - 4 potions of heal wounds
 l - a potion of attraction {unknown}
 n - 2 potions of might {unknown}
 p - 2 potions of berserk rage {unknown}
 s - a potion of resistance {unknown}
 t - a potion of curing {unknown}
 v - a potion of haste {unknown}
 x - a potion of brilliance {unknown}
 z - a potion of degeneration {unknown}


   Skills:
 + Level 4.6 Fighting
 + Level 4.2 Maces & Flails
 + Level 3.4 Throwing
 - Level 3.0 Dodging


You had 4 spell levels left.
You didn't know any spells.
Your spell library contained the following spells:

 Spells                   Type           Power      Damage    Failure   Level
 Ensorcelled Hibernation  Hex/Ice        0%         N/A       52%         2
 Fugue of the Fallen      Necr           0%         N/A       77%         3
 Gell's Gravitas          Tloc           0%         N/A       77%         3
 Teleport Other           Tloc           0%         N/A       77%         3
 Anguish                  Hex/Necr       0%         N/A       99%         4
 Dispersal                Tloc           0%         N/A       100%        6


Dungeon Overview and Level Annotations

Branches:
Dungeon (4/15)            Ossuary (1/1)
 Temple: D:4-7

Altars:
Uskayaw

Shops:
D:3 (


Innate Abilities, Weirdness & Mutations

You are too large for most types of armour.
You have a pair of small horns on your head.
You have tough skin. (AC +1)
You gain doubled healing and magic from potions.
Whenever you drink a healing potion, you attack all around you.


Message History

The helpless mummy fails to defend itself.
You hit the mummy but do no damage.
The mummy is lightly damaged.
The mummy is no longer paralysed.
The mummy closely misses you.
The orc zombie hits you but does no damage.
You hit the mummy but do no damage. You headbutt the mummy.
The mummy is moderately damaged.
The mummy closely misses you.
The orc zombie hits you but does no damage.
Aiming: Paralyse
Press: ? - help, Shift-Dir - straight line, f - mummy
Aim: a mummy (moderately damaged, chance to affect: 49%)
The mummy resists with some effort.
The mummy hits you!
Aiming: Paralyse
Press: ? - help, Shift-Dir - straight line, f/p - mummy
Aim: a mummy (moderately damaged, chance to affect: 49%)
The mummy suddenly stops moving!
The now-empty wand crumbles to dust.
The orc zombie hits you but does no damage.
The helpless mummy fails to defend itself.
You hit the mummy but do no damage.
The mummy is moderately damaged.
The orc zombie hits you but does no damage.
The helpless mummy fails to defend itself.
You sock the mummy!
The mummy is severely damaged.
The mummy closely misses you.
The orc zombie hits you but does no damage.
The helpless mummy fails to defend itself.
You hit the mummy but do no damage.
The mummy is severely damaged.
The orc zombie hits you. The mummy hits you! x2
* * * LOW HITPOINT WARNING * * *
The helpless mummy fails to defend itself.
You hit the mummy but do no damage.
The mummy is severely damaged.
The orc zombie hits you but does no damage.
The mummy hits you!
* * * LOW HITPOINT WARNING * * *
The mummy hits you.
You die...

#. ... #### ..
.... ##..## ....
....##....##....
................
................
#.....MMM......
#...@....#
##...Z..##
##....## #....#
#....# #....#
#....# #....#
#....#


You could see 3 mummies and an orc zombie.

Vanquished Creatures
  3 mummies (Ossuary)
  Robin (D:3)
  3 adders
  2 dart slugs
  A ribbon worm (D:2)
  An orc (D:3)
  15 bats
  2 endoplasms
  4 giant cockroaches
  3 gnoll zombies (Ossuary)
  16 goblins
  5 hobgoblins
  3 jackals (D:3)
  3 quokkas
  10 ball pythons
  5 frilled lizards
  2 hobgoblin zombies (Ossuary)
  8 kobolds
  A kobold zombie (Ossuary)
  An orc zombie (Ossuary)
  8 rats
97 creatures vanquished.

Notes
Turn   | Place    | Note
-------+----------+-------------------------------------------
     0 | D:1      | Smoke131 the Oni Gladiator began the quest for the Orb.
     0 | D:1      | Reached XP level 1. HP: 22/22 MP: 1/1
   150 | D:1      | Reached XP level 2. HP: 27/29 MP: 2/2
   391 | D:1      | Reached XP level 3. HP: 19/37 MP: 3/3
  1404 | D:2      | Reached XP level 4. HP: 37/48 MP: 4/4
  1891 | D:3      | Found Jecongan's Weapon Emporium.
  2141 | D:3      | Noticed Robin
  2175 | D:2      | Reached XP level 5. HP: 33/54 MP: 5/5
  2303 | D:3      | Killed Robin
  2413 | D:3      | Noticed a +0 hand axe
  2414 | D:3      | Found a hide-covered altar of Uskayaw.
  2414 | D:3      | Noticed a +0 dagger
  2591 | D:4      | Found a sand-covered staircase.
  2596 | Ossuary  | Entered an ossuary
  2752 | Ossuary  | HP: 1/55 [mummy (14)]
  2752 | Ossuary  | Slain by a mummy

Illustrated notes

Levels and vault maps discovered:
D:1:      lemuel_arrival_room, layout_basic, minmay_ruptured
D:2:      layout_basic
D:3:      layout_rooms, dancing_weapons_uskayaw, serial_shops,
          nicolae_shop_advertising_works [nicolae_subvault_shop_adworks],
          corexii_item_surrounded_by_moat, st_stairs_3, uniq_robin
D:4:      layout_cave_pools, bloody_trog, nicolae_ossuary_entry_false_entrances,
          grunt_decor_resistance, uniq_blork_the_orc, uniq_pikel
Ossuary:  ossuary_tomb_3

Skill      XL: |  1  2  3  4  5 |
---------------+----------------+-----
Fighting       | 3 4 |  4.6
Dodging        | 3 |  3.0
Throwing       | 3 |  3.4
Maces & Flails | 4 |  4.2

Action                     |  1- 3 |  4- 6 || total
---------------------------+-------+-------++-------
  Melee: Flail             |   136 |   134 ||   270
         Headbutt          |    15 |    22 ||    37
  Throw: Throwing net      |       |     1 ||     1
         Boomerang         |       |    19 ||    19
  Evoke: Wand              |       |     5 ||     5
    Use: Scroll            |       |     7 ||     7
   Stab: Paralysed         |       |    10 ||    10
 Armour: Robe              |   104 |   135 ||   239
  Dodge: Dodged            |   116 |   104 ||   220

Table legend: (Time is in decaauts)
 A = Elapsed time spent in this place.
 B = Non-inter-level travel time spent in this place.
 C = Inter-level travel time spent in this place.
 D = Time resting spent in this place.
 E = Time spent auto-exploring this place.
 F = Levels seen in this place.
 G = Mean time per level.
                   A        B        C        D        E       F      G
               +--------+--------+--------+--------+--------+-----+--------+
         Total |   2820 |   2757 |     63 |     77 |   1736 |   5 |  564.0 |
       Dungeon |   2657 |   2594 |     63 |     77 |   1668 |   4 |  664.2 |
       Ossuary |    162 |    162 |      0 |      0 |     68 |   1 |  162.0 |
               +--------+--------+--------+--------+--------+-----+--------+

Top non-repeatable levels by time:
     D:1: 1067 daAuts
     D:2: 828 daAuts
     D:3: 739 daAuts
 Ossuary: 162 daAuts
     D:4: 20 daAuts
